 Dungeon Crawl Stone Soup version 0.20-a0-1078-g4874019 (webtiles) character file.

111 varam the Insei (level 4, 35/35 HPs)
             Began as a Draconian Transmuter on Apr 28, 2017.
             Quit the game on level 3 of the Dungeon on Apr 30, 2017.
             The game lasted 00:12:07 (2446 turns).

varam the Insei (Draconian Transmuter)              Turns: 2446, Time: 00:12:08

Health: 35/35      AC:  5    Str: 12    XL:     4   Next: 62%
Magic:  6/7        EV: 12    Int: 14    God:
Gold:   130        SH:  0    Dex: 12    Spells: 6/7 levels left

rFire    + . .     SeeInvis .     - Unarmed
rCold    . . .     Gourm    .   (no shield)
rNeg     . . .     Faith    .   (armour unavailable)
rPois    .         Spirit   .   (helmet restricted)
rElec    .         Reflect  .   (no cloak)
rCorr    .         Harm     .   (no gloves)
MR       .....                  (no boots)
Stlth    ++........             (no amulet)
Regen    0.2/turn               h - ring of stealth
MPRegen  0.1/turn               f - ring of protection from fire

@: appendage
A: unfitting armour, horns 2, cold-blooded, AC +5
a: End Transformation


You were on level 3 of the Dungeon.
You were hungry.
You had grown temporary horns.
You visited 1 branch of the dungeon, and saw 3 of its levels.

You collected 130 gold pieces.

Inventory:

Missiles
 a - 31 arrows
 v - 2 tomahawks (quivered)
 w - a throwing net
Jewellery
 f - a ring of protection from fire (right hand)
 h - a ring of stealth (left hand)
 i - an uncursed ring of fire
Scrolls
 e - 4 scrolls of remove curse {unknown}
 g - a scroll of enchant armour {unknown}
 k - a scroll of amnesia {unknown}
 l - a scroll of blinking {unknown}
 o - a scroll of identify {unknown}
 p - 3 scrolls of teleportation {unknown}
 u - a scroll of fear {unknown}
Potions
 d - 4 potions of lignification {unknown}
 j - a potion of cancellation {unknown}
 m - a potion of haste {unknown}
 q - a potion of curing {unknown}
 r - a potion of might {unknown}
Books
 b - a book of Changes

   Spells                             Type                      Level
   a - Beastly Appendage              Transmutation                1
   b - Sticks to Snakes               Transmutation                2
   c - Spider Form                    Transmutation/Poison         3
   d - Ice Form                       Ice/Transmutation            4
   e - Blade Hands                    Transmutation                5
Comestibles
 c - 2 bread rations
 s - a royal jelly
 t - 2 meat rations


   Skills:
 - Level 1.1 Fighting
 - Level 1.7 Dodging
 * Level 4.5 Unarmed Combat
 - Level 2.0 Spellcasting
 + Level 3.5 Transmutations


You had 6 spell levels left.
You knew the following spells:

 Your Spells              Type           Power        Failure   Level  Hunger
a - Beastly Appendage     Tmut           ##....       5%          1    ##.....


Dungeon Overview and Level Annotations

Branches:
Dungeon (3/15)

Altars:
Dithmenos
Xom


Innate Abilities, Weirdness & Mutations

Your plain brown scales are hard. (AC +5)
You cannot fit into any form of body armour.
You are cold-blooded and may be slowed by cold attacks.
You have a pair of horns on your head.


Message History

Casting: Beastly Appendage
Confirm with . or Enter, or press ? or * to list all spells.
You grow a pair of large bovine horns.
The worm closely misses you.
You hit the worm but do no damage. You headbutt the worm!
The worm is heavily wounded.
You hit the worm but do no damage.
Your tail-slap misses the worm.
The worm is heavily wounded.
The worm closely misses you.
You hit the worm but do no damage.
The worm is heavily wounded.
You barely miss the worm.
The worm is heavily wounded.
The worm bites you but does no damage.
You punch the worm! You tail-slap the worm.
The worm is almost dead.
You hit the worm.
You kill the worm!
Welcome back, varam the Draconian Transmuter.
Press ? for a list of commands and other information.
Are you sure you want to abandon this character and quit the game? (Confirm with "yes".)

#...# ###.#.# #####...#.#
#.....###.##### ###
##.######.....# #..
##'#.......##.# #..
#.......#.....########..
#.......#..####.........
#>.....@......'........#
###..##........##.........
#....##.###.##.##.........
#.#.###...##...##.......#.
#.#.#####.##.############.
#....# ##.##...### ####.
###..# #.........# #.(.รท
#..###.........#####.###
#....+..........[.......


There were no monsters in sight!

Vanquished Creatures
  4 adders
  A worm (D:3)
  2 dart slugs
  8 orcs
  2 ball pythons
  4 bats
  4 giant cockroaches
  6 goblins
  2 hobgoblins
  5 jackals
  A quokka (D:3)
  7 frilled lizards
  3 kobolds
  10 rats
59 creatures vanquished.

Notes
Turn   | Place    | Note
-------+----------+-------------------------------------------
     0 | D:1      | varam the Draconian Transmuter began the quest for the Orb.
     0 | D:1      | Reached XP level 1. HP: 16/16 MP: 3/3
   275 | D:1      | Reached XP level 2. HP: 19/23 MP: 1/5
   710 | D:2      | Reached XP level 3. HP: 17/28 MP: 6/6
  1146 | D:2      | Reached skill level 3 in Transmutations
  1193 | D:2      | Found a shimmering altar of Xom.
  1194 | D:2      | Found a shimmering altar of Xom.
  1204 | D:2      | Found a shadowy altar of Dithmenos.
  1368 | D:2      | Found a shimmering altar of Xom.
  1781 | D:3      | Reached skill level 4 in Unarmed Combat
  1890 | D:3      | Reached XP level 4. HP: 35/35 MP: 7/7
  2446 | D:3      | Upgraded the game from 0.20-a0-1065-g8446734 to 0.20-a0-1078-g4874019
  2446 | D:3      | Quit the game

Vault maps used:
D:1:      lightli_arrival_windingriver, minmay_misc_feat_ornament, st_stairs_4
D:2:      lemuel_coloured_pillars_altar, gammafunk_temple_overflow_elements,
          xom_redecorated
D:3:      minmay_statues_item

Skill      XL: |  1  2  3 |
---------------+----------+-----
Transmutations | 3 |  3.5
Unarmed Combat | 4 |  4.5
Fighting       | |  1.1
Dodging        | |  1.7
Spellcasting   | |  2.0

Action                   |  1- 3 |  4- 6 || total
-------------------------+-------+-------++-------
Melee: Unarmed           |   182 |    54 ||   236
       Tailslap          |    14 |     3 ||    17
       Headbutt          |     7 |     1 ||     8
       Kick              |     8 |     3 ||    11
       Punch             |     1 |       ||     1
 Cast: Beastly Appendage |    16 |     4 ||    20
 Stab: Sleeping          |     4 |     2 ||     6
  Eat: Chunk             |     4 |     1 ||     5
Armor: Skin              |    53 |    21 ||    74
Dodge: Dodged            |    97 |    34 ||   131
